 Dungeon Crawl Stone Soup version 0.31-a0-489-g282fc92437 (webtiles) character file.

Game seed: 10982232371888719119

76 Ethylacetat the Sneak (level 4, -7/30 HPs)
             Began as an Octopode Brigand on Aug 8, 2023.
             Killed by divine providence
             ... invoked by an orc priest
              (12 damage)
             ... on level 3 of the Dungeon.
             The game lasted 00:02:33 (1804 turns).

Ethylacetat the Sneak (Octopode Brigand)            Turns: 1804, Time: 00:02:34

Health: -7/30      AC:  1    Str: 10    XL:     4   Next: 32%
Magic:  4/4        EV: 13    Int: 13    God:
Gold:   119        SH:  0    Dex: 15    Spells: 3/3 levels left

rFire   . . .        a - +2 dagger
rCold   . . .        (no shield)
rNeg    . . .        (helmet restricted)
rPois   .            (no amulet)
rElec   .            (no ring)
rCorr   .            (no ring)
SInv    .            (no ring)
Will    .....        (no ring)
Stlth   ++++         (no ring)
HPRegen 0.25/turn    (no ring)
MPRegen 0.09/turn    (no ring)
                     (no ring)

%: no passive effects
@: no status effects
A: almost no armour, amphibious, 8 rings, camouflage 1, gelatinous body 1,
(nimble swimmer 1), tentacles
a: no special abilities


You were on level 3 of the Dungeon.
You visited 1 branch of the dungeon, and saw 3 of its levels.

You collected 119 gold pieces.

Inventory:

Hand Weapons
 a - a +2 dagger (weapon)
Missiles
 b - 11 poisoned darts (quivered)
 c - 3 curare-tipped darts
Jewellery
 e - an amulet of faith
Talismans
 g - a dragon-blood talisman
Scrolls
 f - 3 scrolls of teleportation {unknown}
 h - a scroll of amnesia {unknown}
 i - 2 scrolls of revelation {unknown}
 j - 4 scrolls of identify {unknown}
 l - 2 scrolls of enchant armour {unknown}
 m - a scroll of butterflies {unknown}
 n - a scroll of silence {unknown}
Potions
 d - a potion of curing
 k - a potion of magic {unknown}


   Skills:
 + Level 2.7 Fighting
 - Level 2.0 Short Blades
 - Level 2.0 Throwing
 + Level 2.0 Dodging
 + Level 6.0 Stealth
 * Level 1.4 Shapeshifting


You had 3 spell levels left.
You didn't know any spells.
Your spell library was empty.

Dungeon Overview and Level Annotations

Branches:
Dungeon (3/15)

Altars:

Shops:
D:1 !   D:2 *=


Innate Abilities, Weirdness & Mutations

You cannot wear most types of armour.
You are amphibious.
You can wear up to eight rings at the same time.
Your skin changes colour to match your surroundings (Stealth+).
Your rubbery body absorbs attacks. (AC +1, EV +1)
((You are camouflaged when in or above water. (Stealth+)))
You have tentacles for arms and can constrict up to eight enemies at once.


Message History

The orc wizard shouts!
There are monsters nearby!
Found a robe.
An orc priest comes into view. It is wielding a +0 flail.
The orc wizard gestures at you while chanting.
You are confused.
You hear a shout!
You are too confused!
Unknown command.
It was a potion of curing.
You feel better. The orc wizard closely misses you.
The orc priest closely misses you.
An orc comes into view. It is wielding a +0 dagger.
You closely miss the orc priest. Your grab misses the orc priest.
The orc priest closely misses you.
The orc wizard gestures at you while chanting.
You resist with some effort.
You hit the orc priest. You grab the orc priest. You squeeze the orc priest.
The orc priest is heavily wounded.
You constrict the orc priest. The orc priest barely misses you. x2
The orc wizard gestures wildly while chanting.
The orc wizard flickers and vanishes!
Deactivating autopickup; reactivate with Ctrl-A.
You hit the orc priest but do no damage.
You grab the orc priest. You constrict the orc priest.
You constrict the orc priest, but do no damage.
The orc priest calls down the wrath of Beogh upon you.
Beogh smites you!
Ouch! That really hurt!
You hear some strange, mumbled words.
A puff of flame appears from out of thin air!
The puff of flame misses you.
The orc priest hits you with a +0 falchion!
* * * LOW HITPOINT WARNING * * *
You hit the orc priest.
The orc priest is severely wounded.
You constrict the orc priest.
You constrict the orc priest, but do no damage.
The orc priest mumbles some strange prayers to Beogh against you.
Beogh smites you!
You die...

.........[##
...........#
.......... .
........# < ...
#......#####.#
....#.......#$...#
...o..o..##....#
#oo.......###.
#@{.††.........###
#..†........#.....
#.........?.....#
#..........#....
..#..........#..#
........(....#..####
b...........†......<.
..#>.............#
.....##.##.##....# .


You could see 2 orc priests and an orc.

Vanquished Creatures
  2 adders (D:2)
  2 dart slugs (D:2)
  An orc (D:3)
  2 bats
  4 endoplasms
  2 giant cockroaches
  2 goblins
  6 hobgoblins
  3 jackals (D:3)
  5 kobolds
  A quokka (D:1)
  10 ball pythons
  2 frilled lizards
  5 rats
47 creatures vanquished.

Notes
Turn   | Place    | Note
-------+----------+-------------------------------------------
     0 | D:1      | Ethylacetat the Octopode Brigand began the quest for the
                  | Orb.
     0 | D:1      | Reached XP level 1. HP: 14/14 MP: 1/1
   197 | D:1      | Reached XP level 2. HP: 19/19 MP: 2/2
   268 | D:1      | Found a faded altar of an unknown god.
   416 | D:1      | Found Ipees's Distillery.
  1048 | D:2      | Reached XP level 3. HP: 22/25 MP: 3/3
  1255 | D:2      | Found Turerr's Jewellery Shoppe.
  1273 | D:2      | Reached skill level 1 in Shapeshifting
  1521 | D:2      | Found Zompi's Assorted Antiques.
  1673 | D:2      | Reached XP level 4. HP: 30/30 MP: 4/4
  1749 | D:3      | Reached skill level 6 in Stealth
  1804 | D:3      | Killed from afar by an orc priest

Illustrated notes

Levels and vault maps discovered:
D:1:      co_arrival_random_square_maze, layout_basic,
          dreamdust_ecumenical_altar_statues, serial_shops,
          nicolae_shop_window_shopping, minmay_ruptured
D:2:      layout_loops_ring, serial_shops, nicolae_shop_stone,
          nicolae_shop_pleasant_corner_grove, grunt_decor_one_mirror
D:3:      layout_rooms, minmay_tree_intersection, minmay_crystal_room,
          uniq_crazy_yiuf_cottage

Skill      XL: |  1  2  3  4 |
---------------+-------------+-----
Shapeshifting  | 1 |  1.4
Dodging        | 2 |  2.0
Stealth        | 6 |  6.0
Fighting       | |  2.7
Short Blades   | |  2.0
Throwing       | |  2.0

Action                     |  1- 3 |  4- 6 || total
---------------------------+-------+-------++-------
  Melee: Dagger            |    55 |    30 ||    85
         Tentacles         |     7 |     5 ||    12
         Constrict         |     8 |    11 ||    19
    Use: Potion            |       |     1 ||     1
   Stab: Sleeping          |    15 |     1 ||    16
 Armour: Skin              |     2 |     4 ||     6
  Dodge: Dodged            |    23 |    25 ||    48

Table legend: (Time is in decaauts)
 A = Elapsed time spent in this place.
 B = Non-inter-level travel time spent in this place.
 C = Inter-level travel time spent in this place.
 D = Time resting spent in this place.
 E = Time spent auto-exploring this place.
 F = Levels seen in this place.
 G = Mean time per level.
                   A        B        C        D        E       F      G
               +--------+--------+--------+--------+--------+-----+--------+
         Total |   1795 |   1741 |     54 |      0 |   1461 |   3 |  598.3 |
       Dungeon |   1795 |   1741 |     54 |      0 |   1461 |   3 |  598.3 |
               +--------+--------+--------+--------+--------+-----+--------+

Top non-repeatable levels by time:
     D:1: 966 daAuts
     D:2: 716 daAuts
     D:3: 111 daAuts
